 Seeded DCSS version 0.29.1-1-gd02db6906a (webtiles) character file.

Game seed: 1050451780467462564 (custom seed)

214 GigaChad the Trooper (level 5, -3/48 HPs)
             Began as a Minotaur Fighter on Sept 19, 2022.
             Slain by a gnoll
             ... wielding a +0 whip
             ... led by a gnoll sergeant
              (5 damage)
             ... on level 5 of the Dungeon.
             The game lasted 00:05:12 (2230 turns).

GigaChad the Trooper (Minotaur Fighter)             Turns: 2230, Time: 00:05:13

Health: -3/48      AC:  7    Str: 20    XL:     5   Next: 60%
Magic:  0/4        EV: 11    Int:  7    God:
Gold:   147        SH: 11    Dex: 20    Spells: 4/4 levels left

rFire   x . .      SeeInvis .   a - +0 long sword
rCold   . . .      Faith    .   c - +0 buckler
rNeg    . . .      Spirit   .   b - +0 scale mail
rPois   +          Reflect  +   (helmet restricted)
rElec   .          Harm     .   (no cloak)
rCorr   .          Rampage  .   (no gloves)
Will    .....                   (no boots)
Stlth   ..........              o - amulet of reflection
HPRegen 0.16/turn               e - ring "Etyl" {rPois rF- Dex+10 Slay+2}
MPRegen 0.09/turn               (no ring)

@: no status effects
A: horns 2, retaliatory headbutt
a: no special abilities


You were on level 5 of the Dungeon.
You visited 1 branch of the dungeon, and saw 5 of its levels.

You collected 147 gold pieces.

Inventory:

Hand Weapons
 a - a +0 long sword (weapon)
Armour
 b - a +0 scale mail (worn)
 c - a +0 buckler (worn)
Jewellery
 e - the ring "Etyl" (left hand) {rPois rF- Dex+10 Slay+2}
   (You acquired it on level 1 of the Dungeon)

   [ring of poison resistance]

   Dex:       It affects your dexterity (+10).
   Slay:      It affects your accuracy & damage with ranged weapons and melee
   (+2).
   rF:        It makes you vulnerable to fire.
   rPois:     It protects you from poison.
 j - a ring of positive energy
 o - an amulet of reflection (around neck)
 q - a ring of protection from cold
Wands
 u - a wand of light (2)
Scrolls
 g - a scroll of poison {unknown}
 h - 2 scrolls of magic mapping
 l - a scroll of summoning {unknown}
 r - 2 scrolls of enchant armour
 s - a scroll of immolation {unknown}
 v - a scroll of fog
 w - a scroll of torment {unknown}
Potions
 d - a potion of might
 f - a potion of invisibility {unknown}
 i - a potion of lignification {unknown}
 k - 5 potions of curing {unknown}
 m - a potion of berserk rage {unknown}
 n - 2 potions of mutation {unknown}
 p - a potion of brilliance {unknown}
 t - 3 potions of flight {unknown}


   Skills:
 - Level 5.1 Fighting
 - Level 2.8 Long Blades
 - Level 4.2 Armour
 + Level 3.8 Dodging
 - Level 4.2 Shields


You had 4 spell levels left.
You didn't know any spells.
Your spell library contained the following spells:

 Spells                   Type           Power      Damage    Failure   Level
 Shock                    Conj/Air       0%         1d3       86%         1
 Swiftness                Air            0%         N/A       99%         3
 Airstrike                Air            0%         2d(0-16)  100%        4


Dungeon Overview and Level Annotations

Branches:
Dungeon (4/15)
 Temple: D:4-7

Altars:


Innate Abilities, Weirdness & Mutations

You have a pair of horns on your head.
You reflexively headbutt those who attack you in melee.


Message History

You block the gnoll's attack. The gnoll misses you. You furiously retaliate!
You headbutt the gnoll, but do no damage.
The gnoll sergeant closely misses you.
You slash the gnoll!
The gnoll is heavily wounded.
The gnoll barely misses you. You block the gnoll's attack. x2
The gnoll hits you with a +0 halberd.
* * * LOW HITPOINT WARNING * * *
The gnoll sergeant hits you with a +0 spear.
* * * LOW HITPOINT WARNING * * *
The gnoll hits you with a +0 whip.
* * * LOW HITPOINT WARNING * * *
You hit the gnoll.
The gnoll is moderately wounded.
The gnoll closely misses you. x2; You block the gnoll's attack.
The gnoll hits you but does no damage.
The gnoll sergeant hits you with a +0 spear.
* * * LOW HITPOINT WARNING * * *
The gnoll closely misses you. You furiously retaliate!
You headbutt the gnoll! You closely miss the gnoll. You headbutt the gnoll.
The gnoll is heavily wounded.
The gnoll barely misses you. x2; You furiously retaliate!
You headbutt the gnoll!
The gnoll sergeant hits you with a +0 spear.
* * * LOW HITPOINT WARNING * * *
The gnoll closely misses you. You block the gnoll's attack. x2
The gnoll barely misses you. The gnoll hits you but does no damage.
The gnoll closely misses you. The gnoll barely misses you.
You block the gnoll's attack.
The gnoll sergeant hits you but does no damage.
Aiming: Bolt of Light
Press: ? - help, Shift-Dir - straight line, f - gnoll sergeant
Aim: a gnoll sergeant, wielding a +0 spear and wearing a +0 scale mail (lightly wounded, 79% to hit)
The bolt of light misses the gnoll sergeant.
The gnoll hits you but does no damage. You block the gnoll's attack. x2
The gnoll misses you.
The gnoll sergeant hits you with a +0 spear.
* * * LOW HITPOINT WARNING * * *
The gnoll hits you with a +0 whip.
You die...

#.........##
#........... #
#..#######.# #.
#........ .# #..
#.####### ## #...##
#.## .....##### #..#
#.ggg$####.#
#g@g..###.#
#..g#..##)#
#...##..#.######
#####..........#
#....†.....#
#####..........#
#...#..........#
#.#.#.....>....#
######.#.#..........#


You could see a gnoll sergeant and 5 gnolls.

Vanquished Creatures
  Jessica (D:3)
  An iguana (D:5)
  An orc wizard (D:5)
  Natasha (D:3)
  4 adders
  A white imp (D:5)
  3 worms
  A dart slug (D:1)
  3 orcs
  7 endoplasms
  2 giant cockroaches (D:1)
  4 goblins
  6 hobgoblins
  2 jackals (D:1)
  5 kobolds
  2 quokkas
  5 ball pythons
  8 bats
  A frilled lizard (D:1)
  2 rats
60 creatures vanquished.

Notes
Turn   | Place    | Note
-------+----------+-------------------------------------------
     0 | D:1      | GigaChad the Minotaur Fighter began the quest for the Orb.
     0 | D:1      | Reached XP level 1. HP: 19/19 MP: 0/0
     4 | D:1      | Identified a scroll of acquirement
     4 | D:1      | Acquired the ring "Etyl" {rPois rF- Dex+10 Slay+2}
    87 | D:1      | Reached XP level 2. HP: 27/27 MP: 1/1
   645 | D:2      | Reached XP level 3. HP: 31/33 MP: 2/2
   947 | D:2      | Reached skill level 4 in Fighting
  1427 | D:3      | Found a faded altar of an unknown god.
  1465 | D:3      | Noticed Jessica
  1469 | D:3      | Killed Jessica
  1470 | D:3      | Reached skill level 5 in Fighting
  1470 | D:3      | Reached XP level 4. HP: 41/42 MP: 3/3
  1489 | D:3      | Noticed Natasha
  1498 | D:3      | Killed Natasha
  1499 | D:3      | Reached skill level 1 in Dodging
  2015 | D:3      | Reached XP level 5. HP: 48/48 MP: 4/4
  2040 | D:4      | You fall into a shaft and drop 1 floor!
  2040 | D:5      | Entered Level 5 of the Dungeon
  2230 | D:5      | HP: 2/48 [gnoll sergeant/+0 spear (2)]
  2230 | D:5      | Slain by a gnoll

Illustrated notes

Levels and vault maps discovered:
D:1:      nicolae_arrival_memento_mori, layout_rooms, minmay_crystal_water
D:2:      layout_basic, chequers_mini_garden, kennysheep_generic_room_4,
          uniq_terence
D:3:      layout_rooms, ebering_ecumenical_altar_ruins, bh_walls_and_bars,
          uniq_jessica, uniq_natasha
D:4:      layout_gridville, minmay_unequal, uniq_sigmund
D:5:      gammafunk_steamed_eel, layout_basic, st_stairs_10

Skill      XL: |  1  2  3  4  5 |
---------------+----------------+-----
Armour         | 4 |  4.2
Shields        | 4 |  4.2
Fighting       | 5 |  5.1
Dodging        | 2 3 |  3.8
Long Blades    | |  2.8

Action                   |  1- 3 |  4- 6 || total
-------------------------+-------+-------++-------
Melee: Long sword        |    61 |    54 ||   115
       Headbutt          |     7 |     8 ||    15
Evoke: Wand              |       |     1 ||     1
  Use: Scroll            |     2 |     2 ||     4
Armor: Scale mail        |    58 |    17 ||    75
Dodge: Dodged            |    46 |    30 ||    76
Block: Buckler           |    35 |    45 ||    80
       Reflection        |     1 |     3 ||     4
